 Dungeon Crawl Stone Soup version 0.26-a0-638-gcca6ad1b57 (webtiles) character file.

Game seed: 1887699920337561073

92 Kaptain the Firebug (level 4, -2/25 HPs)
             Began as a Gargoyle Fire Elementalist on Sept 14, 2020.
             Blown up by Ijyb (11 damage)
             ... with a disintegration bolt
             ... on level 3 of the Dungeon.
             The game lasted 00:09:43 (2412 turns).

Kaptain the Firebug (Gargoyle Fire Elementalist)    Turns: 2412, Time: 00:09:44

Health: -2/25      AC:  6    Str: 11    XL:     4   Next: 60%
Magic:  2/8        EV: 11    Int: 17    God:
Gold:   75         SH:  0    Dex: 10    Spells: 4/8 levels left

rFire    . . .     SeeInvis .   k - +2 war axe (flame)
rCold    . . .     Faith    .   (no shield)
rNeg     + . .     Spirit   .   c - +0 leather armour
rPois    ∞         Reflect  .   l - +0 hat {MR+}
rElec    +         Harm     .   (no cloak)
rCorr    .         Rampage  .   (no gloves)
MR       +....                  (no boots)
Stlth    ++........             (no amulet)
HPRegen  0.08/turn              (no ring)
MPRegen  0.11/turn              (no ring)

@: no status effects
A: negative energy resistance 1, electricity resistance, unbreathing,
petrification resistance, rot immunity, AC +3
a: no special abilities


You were on level 3 of the Dungeon.
You visited 1 branch of the dungeon, and saw 3 of its levels.

You collected 75 gold pieces.

Inventory:

Hand Weapons
 e - a +0 dagger
 j - a +2 dagger of holy wrath
 k - a +2 war axe of flaming (weapon)
Missiles
 d - 65 stones (quivered)
Armour
 c - a +0 leather armour (worn)
 g - a +0 buckler
 l - a +0 hat of magic resistance (worn)
 o - a scarf of shadows
Jewellery
 m - an uncursed ring of ice
Scrolls
 a - 2 scrolls of identify
 i - 2 scrolls of enchant armour {unknown}
 n - a scroll of noise {unknown}
Potions
 b - a potion of invisibility {unknown}
 f - a potion of brilliance {unknown}
 h - a potion of stabbing {unknown}


   Skills:
 + Level 1.3 Fighting
 - Level 1.5 Dodging
 + Level 2.6 Stealth
 * Level 2.7 Spellcasting
 * Level 2.5 Conjurations
 * Level 3.6 Fire Magic


You had 4 spell levels left.
You knew the following spells:

 Your Spells              Type           Power        Failure   Level
a - Foxfire               Conj/Fire      ##..         7%          1
b - Conjure Flame         Conj/Fire      ##......     21%         3

Your spell library contained the following spells:

 Spells                   Type           Power        Failure   Level
 Inner Flame              Hex/Fire       #.......     32%         3
 Sticky Flame             Conj/Fire      ##......     54%         4
 Fireball                 Conj/Fire      ##........   88%         5


Dungeon Overview and Level Annotations

Branches:
Dungeon (3/15)

Altars:
Trog
Xom

Annotations:
D:3 Ijyb


Innate Abilities, Weirdness & Mutations

You are resistant to torment.
Your stone body is resilient. (AC +3)
You are immune to poison.
You resist negative energy. (rN+)
You are resistant to electric shocks. (rElec)
You can survive without breathing.
You are immune to petrification.
You are immune to rotting.


Message History

You conjure some foxfire!
Ijyb hits you but does no damage. The hobgoblin closely misses you.
You hit Ijyb but do no damage.
Ijyb is heavily wounded.
You barely miss the hobgoblin.
The foxfire hits Ijyb.
Ijyb is severely wounded.
The foxfire hits Ijyb.
Ijyb is almost dead.
Ijyb zaps a wand.
You are blasted!
Ouch! That really hurt!
* * * LOW HITPOINT WARNING * * *
The hobgoblin hits you but does no damage.
Ijyb hits you but does no damage.
You feel better. The hobgoblin hits you.
Ijyb screams, "It's all mine!"
Ijyb zaps a wand.
You resist with some effort. The orc hits you but does no damage.
Ijyb screams, "Me kill you!"
Ijyb zaps a wand.
You are blasted!
You die...

#. #.# #(# #.# ######
#.# #....# #######.#
#....#
........#####....##
.......>.....@.g..#
######.###.#..go.#
#................
#####
#.###.#....#.....
....# #.# #.#....#
.### ....#
###.###.#....# #
....####.............
......##...###.#######
......##...# #.


You could see Ijyb, an orc and a hobgoblin.

Vanquished Creatures
  2 adders (D:2)
  An ooze (D:2)
  A worm (D:2)
  A dart slug (D:1)
  3 leopard geckos
  4 bats (D:1)
  3 giant cockroaches
  7 goblins
  6 hobgoblins
  10 jackals
  4 frilled lizards
  6 kobolds
  11 rats
59 creatures vanquished.

Vanquished Creatures (others)
  142 foxfires
  9 plants (D:2)
151 creatures vanquished.

Grand Total: 210 creatures vanquished

Notes
Turn   | Place    | Note
-------+----------+-------------------------------------------
     0 | D:1      | Kaptain the Gargoyle Fire Elementalist began the quest for
                  | the Orb.
     0 | D:1      | Reached XP level 1. HP: 10/10 MP: 3/3
   168 | D:1      | Reached XP level 2. HP: 13/15 MP: 1/5
   854 | D:1      | Reached XP level 3. HP: 20/20 MP: 0/6
  1020 | D:1      | Learned a level 3 spell: Conjure Flame
  1436 | D:2      | Found a bloodstained altar of Trog.
  1466 | D:2      | Reached skill level 1 in Fighting
  1466 | D:2      | Reached XP level 4. HP: 22/25 MP: 1/7
  1872 | D:2      | Found a shimmering altar of Xom.
  2395 | D:3      | Noticed Ijyb
  2412 | D:3      | Blown up by Ijyb

Illustrated notes

Levels and vault maps discovered:
D:1:      dpeg_arrival_shelter, layout_rooms, corexii_leaking_fountain,
          minmay_3d_cube
D:2:      wad_lake_hut, layout_rooms, xom_teletrap_fun, lemuel_altar_in_water
D:3:      layout_basic, uniq_sigmund, uniq_natasha, uniq_ijyb

Skill      XL: |  1  2  3 |
---------------+----------+-----
Conjurations   | 2 |  2.5
Fighting       | 1 |  1.3
Dodging        | |  1.5
Stealth        | |  2.6
Spellcasting   | |  2.7
Fire Magic     | |  3.6

Action                   |  1- 3 |  4- 6 || total
-------------------------+-------+-------++-------
Melee: Dagger            |    64 |       ||    64
       War axe           |     3 |    13 ||    16
 Cast: Foxfire           |    54 |    35 ||    89
  Use: Scroll            |       |     1 ||     1
       Potion            |       |     1 ||     1
Armor: Leather armour    |    49 |    11 ||    60
Dodge: Dodged            |    58 |    16 ||    74

Table legend: (Time is in decaauts)
 A = Elapsed time spent in this place.
 B = Non-inter-level travel time spent in this place.
 C = Inter-level travel time spent in this place.
 D = Time resting spent in this place.
 E = Time spent auto-exploring this place.
 F = Levels seen in this place.
 G = Mean time per level.
                   A        B        C        D        E       F      G
               +--------+--------+--------+--------+--------+-----+--------+
         Total |   2447 |   2391 |     56 |    273 |   1607 |   3 |  815.7 |
       Dungeon |   2447 |   2391 |     56 |    273 |   1607 |   3 |  815.7 |
               +--------+--------+--------+--------+--------+-----+--------+

Top non-repeatable levels by time:
     D:1: 1202 daAuts
     D:2: 1041 daAuts
     D:3: 203 daAuts
